AoeStats
← M@nqu!to

Arena

505561160Analyzed
2v2 RM · 21d ago on Sep 10, 2026· 56m 40s· 4 players
Game mode
Random Map
Map size
Medium (4 player)
Population
200
Speed
Normal
Resources
Standard
Victory
Conquest
Starting age
Dark Age
Ending age
Imperial Age
RankedLock teamsTeams togetherTeam positionsShared explorationLock speedFull tech treeHidden civsTurbo modeCheats
Victory
Defeat
🇵🇪 Britons · Peru
1256
+13
🇵🇪 Malians · Peru
1207
+15
🇦🇷 Ethiopians · Argentina
1185
-14
🇦🇷 Japanese · Argentina
1184
-14
M@nqu!to
10:49 Feudal Age
14:27 Castle Age
12:52 Double-Bit Axe
13:30 Horse Collar
14:30 Light Cavalry
18:47 Husbandry
20:07 Wheelbarrow
28:18 Imperial Age
26:01 Loom
26:36 Hand Cart
26:07 Town Watch
27:25 Scale Barding Armor
27:31 Forging
27:37 Bloodlines
28:26 Gold Mining
28:27 Stone Mining
28:22 Cavalier
29:13 Heavy Plow
35:08 Chemistry
34:29 Ballistics
36:33 Chain Barding Armor
37:33 Iron Casting
42:49 Padded Archer Armor
42:39 Fletching
51:22 Fletching
51:47 Leather Archer Armor
54:34 Plate Barding Armor
M@nquito 2.0
10:51 Feudal Age
15:15 Castle Age
13:16 Double-Bit Axe
15:14 Loom
18:38 Fletching
22:08 Gold Mining
26:57 Imperial Age
26:13 Padded Archer Armor
27:00 Gold Shaft Mining
29:29 Bow Saw
31:14 Leather Archer Armor
32:04 Ballistics
32:26 Conscription
32:48 Stone Mining
37:29 Murder Holes
39:32 Bodkin Arrow
42:07 Bracer
48:08 Ring Archer Armor
48:37 Crossbowman
50:15 Elite Skirmisher
55:50 Wheelbarrow
58:17 Chemistry
ChinoR
10:28 Feudal Age
16:02 Castle Age
14:32 Horse Collar
16:03 Double-Bit Axe
19:46 Elite Skirmisher
25:17 Loom
26:28 Bow Saw
29:13 Fletching
29:24 Padded Archer Armor
29:53 Crossbowman
30:10 Light Cavalry
30:51 Husbandry
32:04 Bodkin Arrow
32:24 Leather Archer Armor
33:48 Ballistics
43:30 Leather Archer Armor
MonoH
11:04 Feudal Age
11:51 Loom
14:53 Castle Age
12:59 Double-Bit Axe
13:40 Horse Collar
23:46 Scale Mail Armor
23:56 Forging
27:49 Chain Mail Armor
28:09 Iron Casting
34:34 Imperial Age
35:38 Conscription
35:51 Plate Mail Armor
39:32 Blast Furnace
37:55 Pikeman
38:35 Squires
38:25 Arson
39:50 Halberdier
44:58 Elite Samurai
49:36 Elite Skirmisher
50:08 Fletching
50:19 Padded Archer Armor
53:20 Ballistics
54:01 Chemistry
52:58 Bodkin Arrow
53:51 Leather Archer Armor
Connection lost

Rejoining the realm…

Still unreachable

The connection could not be restored.

Session expired

The server has moved on; the page needs a fresh start.